 Dungeon Crawl Stone Soup version 0.31-a0-667-g39726597b9 (webtiles) character file.

Game seed: 7135801951779429278

6084 avis the Mimic (level 10, -25/44 HPs)
             Began as a Felid Shapeshifter on Sept 3, 2023.
             Annihilated by an orc warlord
             ... wielding a +3 battleaxe
              (29 damage)
             ... in a bailey on Sept 4, 2023.
             The game lasted 01:09:09 (10674 turns).

avis the Mimic (Felid Shapeshifter)                Turns: 10674, Time: 01:09:09

Health: -25/44     AC:  2    Str: 12    XL:     10   Next: 58%
Magic:  11/11      EV: 24    Int: 12    God:
Gold:   495        SH:  5    Dex: 18    Spells: 9/9 levels left
                                        Lives:  0   Deaths: 4

rFire   . .          .
                       - Unarmed
rCold   . . .        (shield unavailable)
rNeg    + . .        (body armour unavailable)
rPois   .            (helmet unavailable)
rElec   .            (cloak unavailable)
rCorr   .            (gloves unavailable)
SInv    +            (boots unavailable)
Will    +....        x - amulet of reflection
Stlth   +            j - ring of positive energy
HPRegen 0.27/turn    (no ring)
MPRegen 0.12/turn

%: reflection
@: flux-form, glowing, invisible (but backlit and visible), quick
A: glow, contaminating, very small, claws 1, fangs 3, see invisible, speed 1,
shaggy fur 2, stealthy paws, no weapons or thrown items, no armour, multi-lived
a: Begin Untransformation


You were in a bailey.
You were something dangerously unstable.
You visited 2 branches of the dungeon, and saw 10 of its levels.
You also visited: Bailey.

You collected 495 gold pieces.

Inventory:

Jewellery
 j - a ring of positive energy (left paw)
 o - an amulet of the acrobat
 x - an amulet of reflection (around neck)
 H - an amulet of reflection
Talismans
 b - a beast talisman
 c - a flux talisman (active)
Wands
 a - a wand of flame (3)
 y - a wand of mindburst (30)
 z - a wand of quicksilver (13)
 B - a wand of digging (3)
Scrolls
 e - 2 scrolls of noise
 f - 4 scrolls of enchant armour
 g - 2 scrolls of blinking {unknown}
 k - a scroll of amnesia {unknown}
 q - 2 scrolls of fear
 r - a scroll of revelation {unknown}
 s - a scroll of silence {unknown}
 t - a scroll of torment {unknown}
 u - 2 scrolls of teleportation {unknown}
 A - 2 scrolls of brand weapon {unknown}
 F - a scroll of enchant weapon {unknown}
 G - a scroll of fog {unknown}
Potions
 d - 5 potions of degeneration
 i - a potion of might
 l - a potion of resistance {unknown}
 m - a potion of attraction
 n - a potion of ambrosia
 p - a potion of mutation {unknown}
 v - a potion of curing {unknown}
 C - 3 potions of magic
 D - a potion of enlightenment {unknown}
 I - 2 potions of heal wounds {unknown}


   Skills:
 - Level 5.0 Fighting
 - Level 10.0 Dodging
 - Level 5.0 Unarmed Combat
 * Level 13.1 Shapeshifting


You had 9 spell levels left.
You didn't know any spells.
Your spell library was empty.

Dungeon Overview and Level Annotations

Branches:
Dungeon (9/15)             Temple (1/1) D:7          Bailey (1/1)
   Lair: D:8-11         Orc: D:9-12

Altars:
Ashenzari
Cheibriados
Dithmenos
Elyvilon
Fedhas
Hepliaklqana
Kikubaaqudgha
Makhleb
Nemelex Xobeh
Okawaru
Qazlal
Ru
Sif Muna
Trog
Uskayaw
Vehumet
Wu Jian
Xom
Yredelemnul
Zin
The Shining One

Shops:
D:2 =   D:3 =

Annotations:
D:3 3 runed translucent doors, dxb338's ghost, weakling FeEn; justen's ghost, amateur BaFi; pigah's ghost, amateur OpSh
D:8 Grum


Innate Abilities, Weirdness & Mutations

You are something dangerously unstable.
You glow with magical radiation, making you easy to see and hit.
Foes you strike become dangerously contaminated with magical radiation.
You have sharp claws.
You have razor-sharp teeth.
You have supernaturally acute eyesight. (SInv)
You cover ground quickly. (Speed+)
You are covered in thick fur. (AC +2)
Your paws help you pounce on unaware monsters.
You are incapable of wielding weapons or throwing items.
You cannot wear armour.
You gain extra lives every three experience levels.


Message History

You scratch the orc warlord but do no damage.
The orc warlord begins to glow.
The orc warlord is moderately wounded.
The orc warlord misses you.
You scratch the orc warlord.
The orc warlord glows dangerously bright.
You bite the orc warlord, but do no damage.
The orc warlord is moderately wounded.
You block the orc warlord's attack. The orc warrior completely misses you.
You scratch the orc warlord.
The orc warlord shudders as magic cascades through it!!
The orc warlord twists and deforms.
The orc warlord is heavily wounded.
The orc warlord hits you with a +3 battleaxe!
The orc warrior hits you with a +0 war axe!
You scratch the orc warlord.
The orc warlord begins to glow.
The orc warlord is heavily wounded.
You block the orc warlord's attack. The orc warrior completely misses you.
You barely miss the orc warlord. You bite the orc warlord.
The orc warlord is heavily wounded.
You scratch the orc warlord but do no damage.
The orc warlord glows dangerously bright.
The orc warlord is heavily wounded.
The orc warlord hits you with a +3 battleaxe!
* * * LOW HITPOINT WARNING * * *
The orc warrior barely misses you.
You barely miss the orc warlord.
You bite the orc warlord, but do no damage.
The orc warlord is heavily wounded.
You completely miss the orc warlord.
The orc warlord is heavily wounded.
You block the orc warlord's attack.
You scratch the orc warlord.
The orc warlord shudders as magic cascades through it!!!
The orc warlord twists and deforms.
The orc warlord is almost dead.
You block the orc warrior's attack.
The orc warlord hits you with a +3 battleaxe!!
Ouch! That really hurt!
You die...

#.### ###.### ....###
###.....###
......###.........##
......)#...........#
.......)...........#
.⌠....)#.....⌠.....#
.......#...........#
.......#...........#
......###.......Bo###
....###.###.....#o#.###
#.###
...###.###.....### ###
.... ###.........## .#
..... #8..........# .#
......#8..........# .#
.....o)†....⌠....∩# .#
......#8..........# .#
.....##8..........#


You could see an orc warlord (misshapen) and an orc warrior (strong).

Vanquished Creatures
  Pikel (D:7)
  Maggie (D:8)
  Eustachio (D:5)
  6 yaks
  Menkaure (D:5)
  A water moccasin (D:5)
  11 orc warriors
  An ice beast (D:6)
  A black bear (D:5)
  5 ogres
  2 sky beasts
  3 wolves
  A centaur (D:7)
  5 phantoms
  4 bullfrogs
  A scorpion (D:5)
  4 wights
  3 killer bees (D:8)
  7 hounds
  4 jellies
  3 orc priests
  Terence (D:2)
  6 iguanas
  6 orc wizards
  7 adders
  5 gnolls (Bailey)
  A shadow imp (D:7)
  4 white imps
  2 ufetubi
  3 worms
  A dart slug (D:1)
  26 orcs
  7 endoplasms
  7 giant cockroaches
  17 goblins
  15 hobgoblins
  10 jackals
  3 quokkas
  3 ball pythons (D:4)
  6 bats
  6 kobolds
  6 rats
208 creatures vanquished.

Notes
Turn   | Place    | Note
-------+----------+-------------------------------------------
     0 | D:1      | avis the Felid Shapeshifter began the quest for the Orb.
     0 | D:1      | Reached XP level 1. HP: 9/9 MP: 2/2
    62 | D:1      | Reached XP level 2. HP: 10/12 MP: 3/3
   116 | D:1      | Reached skill level 4 in Shapeshifting
   663 | D:2      | Noticed Terence
   680 | D:2      | Killed Terence
   681 | D:2      | Reached XP level 3. HP: 6/15 MP: 4/4
   872 | D:2      | Slain by an orc priest
   947 | D:2      | Reached skill level 5 in Shapeshifting
   947 | D:2      | Reached XP level 4. HP: 10/19 MP: 5/5
  1062 | D:2      | Found Ynkorr's Jewellery Emporium.
  1342 | D:2      | Reached XP level 5. HP: 22/22 MP: 6/6
  1443 | D:2      | Reached skill level 5 in Dodging
  2048 | D:3      | Found a runed translucent gate.
  2048 | D:3      | Found a runed translucent gate.
  2050 | D:3      | Found a runed translucent gate.
  2051 | D:3      | Noticed justen's ghost (amateur BaFi)
  2051 | D:3      | Noticed pigah's ghost (amateur OpSh)
  2051 | D:3      | Noticed dxb338's ghost (weakling FeEn)
  2141 | D:3      | Found Sobb's Jewellery Emporium.
  2797 | D:3      | Reached skill level 6 in Shapeshifting
  3013 | D:4      | Gained mutation: You are covered in thick fur. (AC +2)
                  | [Felid growth]
  3013 | D:4      | Reached XP level 6. HP: 25/25 MP: 7/7
  3748 | D:4      | Upgraded the game from 0.31-a0-664-g902f515a81 to
                  | 0.31-a0-667-g39726597b9
  3769 | D:5      | Entered Level 5 of the Dungeon
  3802 | D:5      | Noticed Menkaure
  3921 | D:5      | Reached skill level 5 in Unarmed Combat
  3921 | D:5      | Reached XP level 7. HP: 22/28 MP: 8/8
  4407 | D:5      | Reached skill level 7 in Shapeshifting
  4495 | D:5      | Noticed Eustachio
  4501 | D:5      | Killed Eustachio
  4502 | D:5      | Reached skill level 8 in Shapeshifting
  4521 | D:5      | Killed Menkaure
  4522 | D:5      | Reached XP level 8. HP: 34/34 MP: 9/9
  4770 | D:5      | HP: 1/36 [poisoned by a water moccasin]
  4771 | D:5      | Succumbed to a water moccasin's poison
  4834 | D:5      | Reached skill level 5 in Fighting
  5500 | D:6      | Reached skill level 9 in Shapeshifting
  5936 | D:6      | Reached XP level 9. HP: 40/40 MP: 10/10
  6029 | D:6      | Reached skill level 10 in Shapeshifting
  6929 | D:7      | Found a broken altar of Ashenzari.
  6974 | D:7      | Reached skill level 11 in Shapeshifting
  7018 | D:7      | Found a staircase to the Ecumenical Temple.
  7041 | Temple   | Entered the Ecumenical Temple
  7618 | D:7      | Noticed Pikel
  7665 | D:7      | Found a shimmering blue altar of Sif Muna.
  7712 | D:7      | Killed Pikel
  7713 | D:7      | Reached skill level 12 in Shapeshifting
  7918 | D:8      | Noticed Maggie
  7926 | D:8      | Killed Maggie
  8166 | D:8      | Found a shimmering altar of Xom.
  8168 | D:8      | Noticed an angel
  8171 | D:8      | Found a glowing silver altar of Zin.
  8686 | D:8      | Reached XP level 10. HP: 40/40 MP: 11/11
  8775 | D:8      | Noticed Grum
  9007 | D:8      | Slain by Grum
  9022 | D:8      | Found a transporter.
  9028 | D:8      | Found a transporter.
  9663 | D:8      | Reached skill level 10 in Dodging
 10004 | D:9      | Found a flagged portal.
 10017 | Bailey   | Entered a bailey
 10616 | Bailey   | Noticed an orc warlord
 10631 | Bailey   | Reached skill level 13 in Shapeshifting
 10655 | Bailey   | HP: 1/66 [orc warlord/+3 battleaxe (12)]
 10658 | Bailey   | Slain by an orc warlord
 10674 | Bailey   | Annihilated by an orc warlord

Illustrated notes

Levels and vault maps discovered:
D:1:      eino_arrival_water_star, layout_rooms, minmay_distorted
D:2:      cheibrodos_pilgrimage, layout_loops_ring, serial_shops,
          nicolae_shop_pleasant_corner_grove, kennysheep_potato, uniq_terence
D:3:      layout_basic, serial_shops, shop, gammafunk_ghost_cemetery
D:4:      layout_basic
D:5:      layout_basic, uniq_menkaure, uniq_eustachio
D:6:      layout_loops_ring
D:7:      layout_loops_ring, mainiacjoe_overflow_catwalk,
          nicolae_ashenzari_skybound, minmay_temple_entry_mist, uniq_pikel
D:8:      layout_loops_ring, grunt_temple_overflow_order_and_chaos_1,
          grunt_ministairs_15, nicolae_diode_stairs, uniq_maggie, uniq_grum
D:9:      layout_irregular_city, nicolae_gozag_cash_rules_everything_around_me,
          dpeg_lair_monsters, enter_bailey_2
Temple:   nicolae_temple_bog_church
Bailey:   bailey_axe_minmay_hex_keep, bailey

Skill      XL: |  1  2  3  4  5  6  7  8  9 10 |
---------------+-------------------------------+-----
Shapeshifting  | 4 5 6 8 9 12 13 | 13.1
Dodging        | 3 4 5 8 10 | 10.0
Unarmed Combat | 5 |  5.0
Fighting       | 2 5 |  5.0

Action                     |  1- 3 |  4- 6 |  7- 9 | 10-12 || total
---------------------------+-------+-------+-------+-------++-------
  Melee: Unarmed           |    64 |   178 |   278 |   221 ||   741
         Punch             |     3 |     5 |     3 |       ||    11
         Bite              |     4 |    23 |    48 |    35 ||   110
  Evoke: Wand              |       |     2 |    30 |     1 ||    33
    Use: Potion            |     2 |     1 |     1 |     5 ||     9
         Scroll            |       |     1 |       |     5 ||     6
   Stab: Sleeping          |     1 |     2 |     1 |       ||     4
         Paralysed         |       |       |    13 |       ||    13
         Invisible         |       |       |       |     2 ||     2
 Armour: Skin              |    22 |    52 |    88 |    67 ||   229
  Dodge: Dodged            |    32 |   128 |   210 |   187 ||   557
  Block: Other             |       |       |       |     9 ||     9
   Form: Flux              |       |       |     1 |       ||     1

Table legend: (Time is in decaauts)
 A = Elapsed time spent in this place.
 B = Non-inter-level travel time spent in this place.
 C = Inter-level travel time spent in this place.
 D = Time resting spent in this place.
 E = Time spent auto-exploring this place.
 F = Levels seen in this place.
 G = Mean time per level.
                   A        B        C        D        E       F      G
               +--------+--------+--------+--------+--------+-----+--------+
         Total |   9383 |   8547 |    836 |   2954 |   3000 |  11 |  853.0 |
       Dungeon |   8770 |   7935 |    835 |   2660 |   3000 |   9 |  974.4 |
        Temple |      1 |      0 |      1 |      0 |      0 |   1 |    1.0 |
        Bailey |    611 |    611 |      0 |    294 |      0 |   1 |  611.0 |
               +--------+--------+--------+--------+--------+-----+--------+

Top non-repeatable levels by time:
     D:7: 1451 daAuts
     D:8: 1269 daAuts
     D:4: 1260 daAuts
     D:2: 1153 daAuts
     D:6: 1045 daAuts
     D:5: 1020 daAuts
     D:3: 856 daAuts
  Bailey: 611 daAuts
     D:1: 565 daAuts
     D:9: 149 daAuts
  Temple: 1 daAuts
